Punishers vs Little Stars

Created - October 23, 2019 at 19:14

Goals
1 2 3 T
Punishers 0 2 2 4
Little Stars 0 0 2 2
Shots
1 2 3 T
Punishers 10 10 16 36
Little Stars 8 6 10 24

1st period

No Goal

Penalties :
Adam Tambellini (Tex) for Holding (Minor) at 12:36, John Quenneville (Pro) for Hooking (Minor) at 19:50

2nd period

1. Punishers , Andreas Athanasiou 1 (Robbie Earl 1, Slava Voynov 2) at 3:54
2. Punishers , Robbie Earl 1 (Zack Hamill 1, Slava Voynov 3) at 5:31

Penalties :
Ben Betker (Pro) for Hooking (Minor) at 14:33

3rd period

3. Little Stars , Adam Tambellini 1 (Dana Tyrell 1) at 3:53
4. Little Stars , Jesse Joensuu 1 (Evgeny Kuznetsov 2) at 4:15 (PP)
5. Punishers , Robbie Earl 2 (Adam Pelech 1, Louis Domingue) at 5:02
6. Punishers , John Quenneville 2 (Nikita Gusev 2) at 15:47

Penalties :
Jason Dickinson (Tex) for Interference (Minor) at 1:33, Adam Pelech (Pro) for Hooking (Minor) at 4:00, Evgeny Kuznetsov (Tex) for Holding (Minor) at 6:06, Jason Dickinson (Tex) for Hooking (Minor) at 12:40

Goalie Stats

Louis Domingue (Pro), 22 saves from 24 shots - (0.917), W, 1-0-0, 60:00 minutes
Matt Murray (Tex), 32 saves from 36 shots - (0.889), L, 0-2-0, 60:00 minutes

Players Stats for Punishers

Player Name              G  A  P  +/- PIM S  H  SB GA TA FO     MP     PP MP  PK MP  
------------------------------------------------------------------------------------
Adam Pelech              0  1  1   2  2   1  0  1  0  3  0/0    25:17   4:35   2:03 
Andreas Athanasiou       1  0  1   2  0   2  0  0  1  1  6/13   17:33   3:31   1:00 
Austen Brassard          0  0  0   1  0   1  0  0  0  0  0/0    12:33   0:00   0:00 
Ben Betker               0  0  0  -1  2   0  0  1  0  1  0/0    11:57   0:00   0:00 
Carter Ashton            0  0  0   2  0   0  0  0  0  1  0/0    16:07   3:31   0:00 
Dylan DeMelo             0  0  0  -1  0   2  0  0  0  0  0/0    11:39   0:00   0:00 
Garret Ross              0  0  0   0  0   2  0  0  0  0  1/1     9:28   0:09   0:46 
John Quenneville         1  0  1   1  2   6  0  1  0  0  5/10   12:39   0:00   0:00 
Jordan Schmaltz          0  0  0   2  0   3  0  1  0  0  0/0    22:05   3:21   2:10 
Madison Bowey            0  0  0   2  0   0  5  1  0  0  0/0    25:51   3:21   2:10 
Michael Joly             0  0  0   0  0   1  0  0  0  0  0/0     8:42   0:09   0:00 
Miikka Salomaki          0  0  0   0  0   1  0  1  1  0  2/3    19:12   4:03   1:00 
Nikita Gusev             0  1  1   1  0   3  1  0  0  0  0/1    13:19   0:00   0:46 
Radek Faksa              0  0  0   0  0   1  0  1  0  0  3/5     8:55   0:22   0:00 
Robbie Earl              2  1  3   2  0   5  2  0  0  0  0/1    19:31   4:16   2:27 
Slava Voynov             0  2  2   2  0   4  1  2  0  1  0/0    23:28   4:35   2:03 
Tyler Bertuzzi           0  0  0   0  0   1  2  0  0  0  1/2    17:02   3:31   0:00 
Zack Hamill              0  1  1   0  0   3  0  0  0  0  15/26  20:26   4:16   2:27 

Players Stats for Little Stars

Player Name              G  A  P  +/- PIM S  H  SB GA TA FO     MP     PP MP  PK MP  
------------------------------------------------------------------------------------
Adam Tambellini          1  0  1  -1  2   3  0  0  1  0  0/0    15:21   1:47   0:12 
Andrej Sustr             0  0  0   0  0   1  2  3  1  0  0/0    26:04   2:41   4:30 
Anton Cederholm          0  0  0  -1  0   0  1  3  0  0  0/0    12:33   0:00   0:00 
Dana Tyrell              0  1  1  -1  0   4  1  0  0  0  4/8    19:23   1:47   4:14 
Daniel O'regan           0  0  0  -1  0   0  1  0  0  0  6/14   12:51   0:04   1:29 
Emile Poirier            0  0  0   0  0   2  2  0  0  0  0/0     7:52   0:00   0:00 
Eric Knodel              0  0  0  -2  0   4  1  0  0  0  0/0    21:23   1:32   3:26 
Evgeny Kuznetsov         0  1  1  -1  2   1  1  0  2  0  14/32  20:30   2:22   3:02 
Jason Dickinson          0  0  0   0  4   1  0  0  0  0  2/3     8:23   0:00   0:22 
Jesse Joensuu            1  0  1  -1  0   1  2  1  2  0  2/3    19:22   2:22   1:41 
Justin Auger             0  0  0   0  0   1  1  0  0  0  0/0     8:12   0:04   0:00 
Michael Mersch           0  0  0  -1  0   1  0  0  0  0  0/0    12:50   0:07   1:25 
Patrick Wiercioch        0  0  0  -2  0   0  2  1  0  0  0/0    21:23   1:32   3:26 
Scott Kosmachuck         0  0  0  -1  0   1  2  1  0  0  0/0    19:19   2:19   1:41 
Sebastian Wannstrom      0  0  0  -1  0   1  0  0  1  0  1/1    12:48   0:00   1:46 
Tucker Poolman           0  0  0  -1  0   0  0  0  0  0  0/0    12:33   0:00   0:00 
Tyler Wotherspoon        0  0  0   0  0   2  0  5  0  1  0/0    26:04   2:41   4:30 
Zach Budish              0  0  0  -1  0   1  1  0  0  1  0/1    15:09   1:47   0:00 

3 Stars

1 - Robbie Earl (Pro)
2 - Slava Voynov (Pro)
3 - Andreas Athanasiou (Pro)

Power Play

Punishers - 0 on 4 Attempt(s) - 0.00%
Little Stars - 1 on 3 Attempt(s) - 33.33%

Penalty Kill

Punishers - 2 on 3 Attempt(s) - 66.67% - Score 0 goal in Penalty Kill
Little Stars - 4 on 4 Attempt(s) - 100.00% - Score 0 goal in Penalty Kill

Team Stat

Punishers - Hits : 11 - Faceoff Wins : 33 - Blocked Shots : 9 - Penalty Minutes : 6
Little Stars - Hits : 17 - Faceoff Wins : 29 - Blocked Shots : 14 - Penalty Minutes : 8

Official

Referees : Unknown
Linesman : Unknown

Game Notes

No Game Note

Finance

Level 1 -- Attendance: 1324 (66.20%) -- Ticket Income $46,340
Level 2 -- Attendance: 671 (67.10%) -- Ticket Income $10,065
Total Attendance: 1995 (66.50%)
Total Ticket Income: $56,405
Other Income: $2,820
Total Income: $59,225

Punishers

5 vs 5 Forward 
   Center                   Left Wing                Right Wing               Time % Phy DF OF 
 1 Zack Hamill              Tyler Bertuzzi           Miikka Salomaki          40     0   2  3  
 2 Andreas Athanasiou       Robbie Earl              Carter Ashton            30     1   2  2  
 3 John Quenneville         Nikita Gusev             Austen Brassard          20     1   2  2  
 4 Radek Faksa              Garret Ross              Michael Joly             10     1   2  2  

5 vs 5 Defense 
   Defense                  Defense                                           Time % Phy DF OF 
 1 Adam Pelech              Madison Bowey                                     40     1   2  2  
 2 Jordan Schmaltz          Slava Voynov                                      30     1   2  2  
 3 Dylan DeMelo             Ben Betker                                        20     1   2  2  
 4 Slava Voynov             Madison Bowey                                     10     1   2  2  

PowerPlay Forward 
   Center                   Left Wing                Right Wing               Time % Phy DF OF 
 1 Zack Hamill              Robbie Earl              Miikka Salomaki          60     1   2  2  
 2 Andreas Athanasiou       Tyler Bertuzzi           Carter Ashton            40     1   2  2  

PowerPlay Defense
   Defense                  Defense                                           Time % Phy DF OF 
 1 Slava Voynov             Adam Pelech                                       60     1   2  2  
 2 Jordan Schmaltz          Madison Bowey                                     40     1   2  2  

Penalty Kill 4 Players Forward 
   Center                   Wing                     Time % Phy DF OF 
 1 Zack Hamill              Robbie Earl              60     1   2  2  
 2 Miikka Salomaki          Andreas Athanasiou       40     1   2  2  

Penalty Kill 4 Players Defense
   Defense                  Defense                  Time % Phy DF OF 
 1 Jordan Schmaltz          Madison Bowey            60     1   2  2  
 2 Slava Voynov             Adam Pelech              40     1   2  2  

Penalty Kill - 3 Players Forward 
   Forward                                           Time % Phy DF OF 
 1 Zack Hamill                                       60     1   2  2  
 2 Robbie Earl                                       40     1   2  2  

Penalty Kill - 3 Players Defense
   Defense                  Defense                  Time % Phy DF OF 
 1 Jordan Schmaltz          Madison Bowey            60     1   2  2  
 2 Slava Voynov             Adam Pelech              40     1   2  2  

4 vs 4 Forward 
   Center                   Wing                     Time % Phy DF OF 
 1 Zack Hamill              Robbie Earl              60     1   2  2  
 2 Miikka Salomaki          Andreas Athanasiou       40     1   2  2  

4 vs 4 Defense
   Defense                  Defense                  Time % Phy DF OF 
 1 Slava Voynov             Adam Pelech              60     1   2  2  
 2 Jordan Schmaltz          Madison Bowey            40     1   2  2  

Last Minutes Offensive
   Center                   Left Wing                Right Wing               Defense                  Defense                  
   Zack Hamill              Robbie Earl              Miikka Salomaki          Slava Voynov             Adam Pelech              

Last Minutes Defensive
   Center                   Left Wing                Right Wing               Defense                  Defense                  
   Zack Hamill              Robbie Earl              Miikka Salomaki          Slava Voynov             Adam Pelech              

Goaltenders
Starting : Louis Domingue           
Backup : Daniel Altshuller        

Extra Forwards
Normal : Radek Faksa, Tyler Bertuzzi, Nikita Gusev - PP : Radek Faksa, Tyler Bertuzzi - PK : Nikita Gusev
Extra Defensemen
Normal : Dylan DeMelo, Ben Betker, Jordan Schmaltz - PP : Dylan DeMelo - PK : Ben Betker, Jordan Schmaltz
Penalty Shots
Zack Hamill, Robbie Earl, Miikka Salomaki, Andreas Athanasiou, Carter Ashton

Scratches
John Macfarland (Healthy), Daniel Audette (Healthy), Alex Schoenborn (Healthy)

Little Stars

5 vs 5 Forward 
   Center                   Left Wing                Right Wing               Time % Phy DF OF 
 1 Evgeny Kuznetsov         Jesse Joensuu            Scott Kosmachuck         40     1   2  2  
 2 Dana Tyrell              Adam Tambellini          Zach Budish              30     1   2  2  
 3 Daniel O'regan           Michael Mersch           Sebastian Wannstrom      20     1   2  2  
 4 Jason Dickinson          Emile Poirier            Justin Auger             10     1   2  2  

5 vs 5 Defense 
   Defense                  Defense                                           Time % Phy DF OF 
 1 Andrej Sustr             Tyler Wotherspoon                                 40     1   2  2  
 2 Patrick Wiercioch        Eric Knodel                                       30     1   2  2  
 3 Anton Cederholm          Tucker Poolman                                    20     1   2  2  
 4 Andrej Sustr             Tyler Wotherspoon                                 10     1   2  2  

PowerPlay Forward 
   Center                   Left Wing                Right Wing               Time % Phy DF OF 
 1 Evgeny Kuznetsov         Jesse Joensuu            Scott Kosmachuck         60     0   2  3  
 2 Dana Tyrell              Adam Tambellini          Zach Budish              40     0   2  3  

PowerPlay Defense
   Defense                  Defense                                           Time % Phy DF OF 
 1 Andrej Sustr             Tyler Wotherspoon                                 60     0   2  3  
 2 Patrick Wiercioch        Eric Knodel                                       40     0   2  3  

Penalty Kill 4 Players Forward 
   Center                   Wing                     Time % Phy DF OF 
 1 Evgeny Kuznetsov         Dana Tyrell              60     0   3  2  
 2 Jesse Joensuu            Scott Kosmachuck         40     0   3  2  

Penalty Kill 4 Players Defense
   Defense                  Defense                  Time % Phy DF OF 
 1 Andrej Sustr             Tyler Wotherspoon        60     0   3  2  
 2 Patrick Wiercioch        Eric Knodel              40     0   3  2  

Penalty Kill - 3 Players Forward 
   Forward                                           Time % Phy DF OF 
 1 Evgeny Kuznetsov                                  60     0   3  2  
 2 Dana Tyrell                                       40     0   3  2  

Penalty Kill - 3 Players Defense
   Defense                  Defense                  Time % Phy DF OF 
 1 Andrej Sustr             Tyler Wotherspoon        60     0   3  2  
 2 Patrick Wiercioch        Eric Knodel              40     0   3  2  

4 vs 4 Forward 
   Center                   Wing                     Time % Phy DF OF 
 1 Evgeny Kuznetsov         Dana Tyrell              60     1   2  2  
 2 Jesse Joensuu            Scott Kosmachuck         40     1   2  2  

4 vs 4 Defense
   Defense                  Defense                  Time % Phy DF OF 
 1 Andrej Sustr             Tyler Wotherspoon        60     1   2  2  
 2 Patrick Wiercioch        Eric Knodel              40     1   2  2  

Last Minutes Offensive
   Center                   Left Wing                Right Wing               Defense                  Defense                  
   Evgeny Kuznetsov         Jesse Joensuu            Scott Kosmachuck         Andrej Sustr             Tyler Wotherspoon        

Last Minutes Defensive
   Center                   Left Wing                Right Wing               Defense                  Defense                  
   Evgeny Kuznetsov         Jesse Joensuu            Scott Kosmachuck         Andrej Sustr             Tyler Wotherspoon        

Goaltenders
Starting : Matt Murray              
Backup : Peter Delmas             

Extra Forwards
Normal : Michael Mersch, Daniel O'regan, Sebastian Wannstrom - PP : Michael Mersch, Daniel O'regan - PK : Sebastian Wannstrom
Extra Defensemen
Normal : Anton Cederholm, Tucker Poolman, Patrick Wiercioch - PP : Anton Cederholm - PK : Tucker Poolman, Patrick Wiercioch
Penalty Shots
Evgeny Kuznetsov, Dana Tyrell, Jesse Joensuu, Scott Kosmachuck, Adam Tambellini

Scratches
Reece Willcox (Healthy), Ville Pokka (Healthy), Daniil Tarasov (Healthy), Shane Gersich (Healthy), Radel Fazleev (Healthy)
Julien Nantel (Healthy), Connor Knapp (Healthy), Spencer Martin (Healthy)

% Time on Ice - Punishers

Lines # - Real PCT - Wanted PCT - Time Play
Normal Forward
1 - 30% - 40% - 14:14
2 - 27% - 30% - 13:02
3 - 26% - 20% - 12:33
4 - 17% - 10% - 8:02
Normal Defense
1 - 40% - 40% - 19:19
2 - 32% - 30% - 15:23
3 - 24% - 20% - 11:39
4 - 3% - 10% - 1:30
PP Forward
1 - 56% - 60% - 4:25
2 - 44% - 40% - 3:31
PP Defense
1 - 58% - 60% - 4:35
2 - 42% - 40% - 3:21
PK Forward
1 - 76% - 60% - 3:13
2 - 24% - 40% - 1:00
PK Defense
1 - 51% - 60% - 2:10
2 - 49% - 40% - 2:03
PK3 Forward
1 - 0% - 60%
2 - 0% - 40%
PK3 Defense
1 - 0% - 60%
2 - 0% - 40%
44 Forward
1 - 0% - 60%
2 - 0% - 40%
44 Defense
1 - 0% - 60%
2 - 0% - 40%
Last Minute Offensive  - 0:00
Last Minute Defensive  - 0:00
Total
Forward - 60:00
Defense - 60:00

% Time on Ice - Little Stars

Lines # - Real PCT - Wanted PCT - Time Play
Normal Forward
1 - 32% - 40% - 15:23
2 - 28% - 30% - 13:34
3 - 23% - 20% - 11:02
4 - 16% - 10% - 7:52
Normal Defense
1 - 38% - 40% - 18:16
2 - 34% - 30% - 16:25
3 - 26% - 20% - 12:33
4 - 1% - 10% - 0:37
PP Forward
1 - 58% - 60% - 2:26
2 - 42% - 40% - 1:47
PP Defense
1 - 64% - 60% - 2:41
2 - 36% - 40% - 1:32
PK Forward
1 - 79% - 60% - 6:15
2 - 21% - 40% - 1:41
PK Defense
1 - 57% - 60% - 4:30
2 - 43% - 40% - 3:26
PK3 Forward
1 - 0% - 60%
2 - 0% - 40%
PK3 Defense
1 - 0% - 60%
2 - 0% - 40%
44 Forward
1 - 0% - 60%
2 - 0% - 40%
44 Defense
1 - 0% - 60%
2 - 0% - 40%
Last Minute Offensive  - 0:00
Last Minute Defensive  - 0:00
Total
Forward - 60:00
Defense - 60:00

Play-by-Play

1st period


0:01 of 1st period - Evgeny Kuznetsov wins face-off versus Zack Hamill in neutral zone.
0:43 of 1st period - Icing by Patrick Wiercioch.
0:44 of 1st period - John Quenneville wins face-off versus Daniel O'regan in Little Stars zone.
0:45 of 1st period - Wrist shot by Nikita Gusev.
0:45 of 1st period - Shot Hit the Post.
0:54 of 1st period - Icing by Sebastian Wannstrom.
0:55 of 1st period - Radek Faksa wins face-off versus Daniel O'regan in Little Stars zone.
1:22 of 1st period - Patrick Wiercioch is hit by Tyler Bertuzzi and loses puck.
2:45 of 1st period - Icing by Adam Pelech.
2:46 of 1st period - Zack Hamill wins face-off versus Evgeny Kuznetsov in Punishers zone.
2:57 of 1st period - Wrist shot by Miikka Salomaki.
2:57 of 1st period - Stopped by Matt Murray with a rebound.
3:19 of 1st period - Off-side.
3:20 of 1st period - Andreas Athanasiou wins face-off versus Dana Tyrell in neutral zone.
3:29 of 1st period - Snap shot by Andreas Athanasiou.
3:29 of 1st period - Shot Misses the Net.
3:35 of 1st period - Snap shot by Dana Tyrell.
3:35 of 1st period - Shot Hit the Post.
4:07 of 1st period - Snap shot by Garret Ross.
4:07 of 1st period - Shot Hit the Post.
4:19 of 1st period - Snap shot by Jason Dickinson.
4:19 of 1st period - Shot Misses the Net.
4:55 of 1st period - Wrist shot by Dana Tyrell.
4:55 of 1st period - Stopped by Louis Domingue without a rebound.
4:56 of 1st period - Dana Tyrell wins face-off versus Tyler Bertuzzi in Punishers zone.
4:57 of 1st period - Snap shot by Adam Tambellini.
4:57 of 1st period - Stopped by Louis Domingue with a rebound.
4:59 of 1st period - Wrist shot by Zach Budish.
4:59 of 1st period - Deflect By Dana Tyrell.
4:59 of 1st period - Stopped by Louis Domingue without a rebound.
5:00 of 1st period - Evgeny Kuznetsov wins face-off versus Zack Hamill in Punishers zone.
5:13 of 1st period - Wrist shot by Evgeny Kuznetsov.
5:13 of 1st period - Stopped by Louis Domingue with a rebound.
5:15 of 1st period - Snap shot by Jesse Joensuu.
5:15 of 1st period - Deflect By Slava Voynov.
5:15 of 1st period - Shot Misses the Net.
5:15 of 1st period - Puck is out of play.
5:16 of 1st period - Andreas Athanasiou wins face-off versus Dana Tyrell in Punishers zone.
5:23 of 1st period - Tyler Wotherspoon is hit by Slava Voynov and loses puck.
5:29 of 1st period - Off-side.
5:30 of 1st period - Zack Hamill wins face-off versus Evgeny Kuznetsov in neutral zone.
5:35 of 1st period - Snap shot by Zack Hamill.
5:35 of 1st period - Stopped by Matt Murray with a rebound.
5:37 of 1st period - Slapshot by Slava Voynov.
5:37 of 1st period - Shot Misses the Net.
5:39 of 1st period - Snap shot by Tyler Bertuzzi.
5:39 of 1st period - Shot Blocked by Tyler Wotherspoon.
5:41 of 1st period - Slapshot by Slava Voynov.
5:41 of 1st period - Stopped by Matt Murray without a rebound.
5:42 of 1st period - John Quenneville wins face-off versus Evgeny Kuznetsov in Little Stars zone.
6:27 of 1st period - Slapshot by Andrej Sustr.
6:27 of 1st period - Shot Blocked by Slava Voynov.
6:51 of 1st period - Snap shot by John Quenneville.
6:51 of 1st period - Stopped by Matt Murray with a rebound.
7:15 of 1st period - Slapshot by Garret Ross.
7:15 of 1st period - Stopped by Matt Murray with a rebound.
7:17 of 1st period - Slapshot by Dylan DeMelo.
7:17 of 1st period - Shot Blocked by Andrej Sustr.
7:51 of 1st period - Backhand shot by Andrej Sustr.
7:51 of 1st period - Stopped by Louis Domingue without a rebound.
7:52 of 1st period - Daniel O'regan wins face-off versus Andreas Athanasiou in Punishers zone.
8:01 of 1st period - Snap shot by Robbie Earl.
8:01 of 1st period - Stopped by Matt Murray with a rebound.
8:23 of 1st period - Snap shot by Zack Hamill.
8:23 of 1st period - Stopped by Matt Murray with a rebound.
9:38 of 1st period - Zack Hamill is hit by Jesse Joensuu and loses puck.
9:49 of 1st period - Jordan Schmaltz is hit by Scott Kosmachuck and loses puck.
10:08 of 1st period - Slapshot by Nikita Gusev.
10:08 of 1st period - Shot Misses the Net.
10:24 of 1st period - Madison Bowey is hit by Emile Poirier and loses puck.
10:47 of 1st period - Snap shot by Robbie Earl.
10:47 of 1st period - Shot Misses the Net.
10:49 of 1st period - Slapshot by Adam Pelech.
10:49 of 1st period - Stopped by Matt Murray without a rebound.
10:50 of 1st period - Andreas Athanasiou wins face-off versus Evgeny Kuznetsov in Little Stars zone.
10:59 of 1st period - Backhand shot by Robbie Earl.
10:59 of 1st period - Stopped by Matt Murray without a rebound.
11:00 of 1st period - Evgeny Kuznetsov wins face-off versus Zack Hamill in Little Stars zone.
11:51 of 1st period - Slapshot by Dana Tyrell.
11:51 of 1st period - Shot Misses the Net.
12:33 of 1st period - Slapshot by Slava Voynov.
12:33 of 1st period - Stopped by Matt Murray without a rebound.
12:34 of 1st period - Dana Tyrell wins face-off versus Andreas Athanasiou in Little Stars zone.
12:36 of 1st period - Minor Penalty to Adam Tambellini for Holding.
12:37 of 1st period - Zack Hamill wins face-off versus Evgeny Kuznetsov in Little Stars zone.
14:36 of 1st period - Penalty to Adam Tambellini is over, Adam Tambellini is back on ice.
15:42 of 1st period - Garret Ross is hit by Emile Poirier and loses puck.
15:57 of 1st period - Robbie Earl is hit by Evgeny Kuznetsov.
16:52 of 1st period - Slapshot by Jesse Joensuu.
16:52 of 1st period - Shot Misses the Net.
17:31 of 1st period - Off-side.
17:32 of 1st period - Radek Faksa wins face-off versus Evgeny Kuznetsov in neutral zone.
18:39 of 1st period - Snap shot by Zach Budish.
18:39 of 1st period - Stopped by Louis Domingue with a rebound.
18:43 of 1st period - Snap shot by Dana Tyrell.
18:43 of 1st period - Stopped by Louis Domingue without a rebound.
18:44 of 1st period - Jesse Joensuu wins face-off versus Zack Hamill in Punishers zone.
18:45 of 1st period - Wrist shot by Evgeny Kuznetsov.
18:45 of 1st period - Shot Misses the Net.
18:47 of 1st period - Slapshot by Eric Knodel.
18:47 of 1st period - Stopped by Louis Domingue without a rebound.
18:48 of 1st period - Evgeny Kuznetsov wins face-off versus Zack Hamill in Punishers zone.
19:35 of 1st period - Nikita Gusev is hit by Patrick Wiercioch and loses puck.
19:50 of 1st period - Minor Penalty to John Quenneville for Hooking.
19:51 of 1st period - Zack Hamill wins face-off versus Evgeny Kuznetsov in Punishers zone.
Goals for this period are 0 for Punishers vs 0 for Little Stars.
Shots for this period are 10 for Punishers vs 8 for Little Stars.

2nd period


0:01 of 2nd period - Evgeny Kuznetsov wins face-off versus Zack Hamill in neutral zone.
0:04 of 2nd period - Slapshot by Andrej Sustr.
0:04 of 2nd period - Shot Blocked by Jordan Schmaltz.
1:15 of 2nd period - Slapshot by Slava Voynov.
1:15 of 2nd period - Shot Misses the Net.
1:50 of 2nd period - Penalty to John Quenneville is over, John Quenneville is back on ice.
2:10 of 2nd period - Slapshot by Jordan Schmaltz.
2:10 of 2nd period - Shot Blocked by Anton Cederholm.
2:24 of 2nd period - Wrist shot by Jason Dickinson.
2:24 of 2nd period - Deflect By Justin Auger.
2:24 of 2nd period - Stopped by Louis Domingue without a rebound.
2:25 of 2nd period - Jason Dickinson wins face-off versus John Quenneville in Punishers zone.
2:28 of 2nd period - Snap shot by Emile Poirier.
2:28 of 2nd period - Stopped by Louis Domingue with a rebound.
3:10 of 2nd period - Slapshot by Eric Knodel.
3:10 of 2nd period - Deflect By Miikka Salomaki.
3:10 of 2nd period - Stopped by Louis Domingue without a rebound.
3:11 of 2nd period - Tyler Bertuzzi wins face-off versus Daniel O'regan in Punishers zone.
3:36 of 2nd period - Wrist shot by Dana Tyrell.
3:36 of 2nd period - Stopped by Louis Domingue with a rebound.
3:38 of 2nd period - Wrist shot by Zach Budish.
3:38 of 2nd period - Deflect By Adam Tambellini.
3:38 of 2nd period - Shot Blocked by Adam Pelech.
3:38 of 2nd period - Puck is out of play.
3:39 of 2nd period - Andreas Athanasiou wins face-off versus Dana Tyrell in Punishers zone.
3:52 of 2nd period - Snap shot by Robbie Earl.
3:52 of 2nd period - Stopped by Matt Murray with a rebound.
3:54 of 2nd period - Wrist shot by Andreas Athanasiou.
3:54 of 2nd period - Goal by Andreas Athanasiou - Punishers : 1 - Little Stars : 0.
3:55 of 2nd period - Evgeny Kuznetsov wins face-off versus Miikka Salomaki in neutral zone.
4:42 of 2nd period - Snap shot by Garret Ross.
4:42 of 2nd period - Shot Misses the Net.
4:44 of 2nd period - Wrist shot by Slava Voynov.
4:44 of 2nd period - Stopped by Matt Murray without a rebound.
4:45 of 2nd period - Daniel O'regan wins face-off versus Radek Faksa in Little Stars zone.
4:54 of 2nd period - Slapshot by Slava Voynov.
4:54 of 2nd period - Stopped by Matt Murray with a rebound.
4:56 of 2nd period - Slapshot by Garret Ross.
4:56 of 2nd period - Shot Blocked by Tyler Wotherspoon.
4:58 of 2nd period - Snap shot by Jordan Schmaltz.
4:58 of 2nd period - Stopped by Matt Murray with a rebound.
5:00 of 2nd period - Wrist shot by Garret Ross.
5:00 of 2nd period - Shot Misses the Net.
5:10 of 2nd period - Jordan Schmaltz is hit by Jesse Joensuu and loses puck.
5:31 of 2nd period - Slapshot by Robbie Earl.
5:31 of 2nd period - Goal by Robbie Earl - Punishers : 2 - Little Stars : 0.
5:32 of 2nd period - Zack Hamill wins face-off versus Evgeny Kuznetsov in neutral zone.
5:41 of 2nd period - Zack Hamill is hit by Scott Kosmachuck and loses puck.
5:57 of 2nd period - Robbie Earl is hit by Zach Budish and loses puck.
6:30 of 2nd period - Wrist shot by Garret Ross.
6:30 of 2nd period - Stopped by Matt Murray with a rebound.
6:32 of 2nd period - Slapshot by Jordan Schmaltz.
6:32 of 2nd period - Stopped by Matt Murray without a rebound.
6:33 of 2nd period - Evgeny Kuznetsov wins face-off versus Zack Hamill in Little Stars zone.
7:23 of 2nd period - Slava Voynov is hit by Justin Auger.
9:17 of 2nd period - Slapshot by Dana Tyrell.
9:17 of 2nd period - Shot Misses the Net.
9:19 of 2nd period - Snap shot by Zach Budish.
9:19 of 2nd period - Deflect By Adam Tambellini.
9:19 of 2nd period - Shot Misses the Net.
9:19 of 2nd period - Puck is out of play.
9:20 of 2nd period - Andreas Athanasiou wins face-off versus Evgeny Kuznetsov in Punishers zone.
9:25 of 2nd period - Snap shot by Carter Ashton.
9:25 of 2nd period - Shot Blocked by Jesse Joensuu.
9:27 of 2nd period - Snap shot by Carter Ashton.
9:27 of 2nd period - Shot Misses the Net.
9:29 of 2nd period - Wrist shot by Andreas Athanasiou.
9:29 of 2nd period - Stopped by Matt Murray without a rebound.
9:30 of 2nd period - Andreas Athanasiou wins face-off versus Evgeny Kuznetsov in Little Stars zone.
9:54 of 2nd period - Off-side.
9:55 of 2nd period - Zack Hamill wins face-off versus Daniel O'regan in neutral zone.
9:58 of 2nd period - Snap shot by Miikka Salomaki.
9:58 of 2nd period - Shot Misses the Net.
10:20 of 2nd period - Jordan Schmaltz is hit by Anton Cederholm and loses puck.
10:31 of 2nd period - Wrist shot by Nikita Gusev.
10:31 of 2nd period - Stopped by Matt Murray with a rebound.
11:03 of 2nd period - Backhand shot by Slava Voynov.
11:03 of 2nd period - Shot Misses the Net.
11:47 of 2nd period - Snap shot by Garret Ross.
11:47 of 2nd period - Shot Blocked by Anton Cederholm.
12:08 of 2nd period - Evgeny Kuznetsov is hit by Madison Bowey and loses puck.
12:31 of 2nd period - Wrist shot by Sebastian Wannstrom.
12:31 of 2nd period - Shot Misses the Net.
12:45 of 2nd period - Wrist shot by Miikka Salomaki.
12:45 of 2nd period - Shot Misses the Net.
12:47 of 2nd period - Snap shot by Tyler Bertuzzi.
12:47 of 2nd period - Shot Misses the Net.
13:11 of 2nd period - Ben Betker is hit by Dana Tyrell.
13:41 of 2nd period - Tyler Wotherspoon is hit by Tyler Bertuzzi and loses puck.
14:02 of 2nd period - Slapshot by Eric Knodel.
14:02 of 2nd period - Stopped by Louis Domingue without a rebound.
14:03 of 2nd period - Dana Tyrell wins face-off versus Andreas Athanasiou in Punishers zone.
14:08 of 2nd period - Slapshot by Dana Tyrell.
14:08 of 2nd period - Shot Hit the Post.
14:10 of 2nd period - Slapshot by Tyler Wotherspoon.
14:10 of 2nd period - Stopped by Louis Domingue without a rebound.
14:11 of 2nd period - Evgeny Kuznetsov wins face-off versus Andreas Athanasiou in Punishers zone.
14:33 of 2nd period - Minor Penalty to Ben Betker for Hooking.
14:34 of 2nd period - Zack Hamill wins face-off versus Evgeny Kuznetsov in Punishers zone.
16:05 of 2nd period - Tyler Wotherspoon is hit by Madison Bowey and loses puck.
16:32 of 2nd period - Andreas Athanasiou is hit by Patrick Wiercioch and loses puck.
16:33 of 2nd period - Penalty to Ben Betker is over, Ben Betker is back on ice.
16:39 of 2nd period - Wrist shot by Michael Mersch.
16:39 of 2nd period - Shot Misses the Net.
16:43 of 2nd period - Slapshot by Daniel O'regan.
16:43 of 2nd period - Shot Misses the Net.
16:45 of 2nd period - Slapshot by Tucker Poolman.
16:45 of 2nd period - Shot Blocked by Ben Betker.
17:48 of 2nd period - Scott Kosmachuck is hit by Robbie Earl.
18:14 of 2nd period - Garret Ross is hit by Daniel O'regan and loses puck.
18:52 of 2nd period - Andrej Sustr is hit by Nikita Gusev and loses puck.
Goals for this period are 2 for Punishers vs 0 for Little Stars.
Shots for this period are 10 for Punishers vs 6 for Little Stars.

3rd period


0:01 of 3rd period - Zack Hamill wins face-off versus Evgeny Kuznetsov in neutral zone.
0:39 of 3rd period - Off-side.
0:40 of 3rd period - John Quenneville wins face-off versus Evgeny Kuznetsov in neutral zone.
1:30 of 3rd period - Off-side.
1:31 of 3rd period - Jason Dickinson wins face-off versus Andreas Athanasiou in neutral zone.
1:33 of 3rd period - Minor Penalty to Jason Dickinson for Interference.
1:34 of 3rd period - Zack Hamill wins face-off versus Evgeny Kuznetsov in Little Stars zone.
1:44 of 3rd period - Snap shot by Miikka Salomaki.
1:44 of 3rd period - Shot Hit the Post.
2:00 of 3rd period - Slava Voynov is hit by Andrej Sustr and loses puck.
3:33 of 3rd period - Penalty to Jason Dickinson is over, Jason Dickinson is back on ice.
3:33 of 3rd period - Icing by Adam Pelech.
3:34 of 3rd period - Daniel O'regan wins face-off versus Zack Hamill in Punishers zone.
3:35 of 3rd period - Snap shot by Sebastian Wannstrom.
3:35 of 3rd period - Shot Blocked by Miikka Salomaki.
3:43 of 3rd period - Slapshot by Anton Cederholm.
3:43 of 3rd period - Shot Blocked by John Quenneville.
3:45 of 3rd period - Wrist shot by Sebastian Wannstrom.
3:45 of 3rd period - Stopped by Louis Domingue with a rebound.
3:47 of 3rd period - Wrist shot by Sebastian Wannstrom.
3:47 of 3rd period - Deflect By Daniel O'regan.
3:47 of 3rd period - Shot Blocked by Slava Voynov.
3:47 of 3rd period - Puck is out of play.
3:48 of 3rd period - Dana Tyrell wins face-off versus John Quenneville in Punishers zone.
3:53 of 3rd period - Backhand shot by Adam Tambellini.
3:53 of 3rd period - Goal by Adam Tambellini - Punishers : 2 - Little Stars : 1.
3:54 of 3rd period - Evgeny Kuznetsov wins face-off versus Zack Hamill in neutral zone.
4:00 of 3rd period - Minor Penalty to Adam Pelech for Hooking.
4:01 of 3rd period - Evgeny Kuznetsov wins face-off versus Zack Hamill in Punishers zone.
4:13 of 3rd period - Wrist shot by Jesse Joensuu.
4:13 of 3rd period - Shot Blocked by Madison Bowey.
4:15 of 3rd period - Wrist shot by Jesse Joensuu.
4:15 of 3rd period - Goal by Jesse Joensuu - Punishers : 2 - Little Stars : 2.
4:16 of 3rd period - Evgeny Kuznetsov wins face-off versus Zack Hamill in neutral zone.
4:45 of 3rd period - Adam Pelech is hit by Eric Knodel and loses puck.
5:02 of 3rd period - Wrist shot by Robbie Earl.
5:02 of 3rd period - Goal by Robbie Earl - Punishers : 3 - Little Stars : 2.
5:03 of 3rd period - Miikka Salomaki wins face-off versus Evgeny Kuznetsov in neutral zone.
5:14 of 3rd period - Backhand shot by Zack Hamill.
5:14 of 3rd period - Shot Misses the Net.
5:39 of 3rd period - Snap shot by Zach Budish.
5:39 of 3rd period - Shot Misses the Net.
5:49 of 3rd period - Slapshot by John Quenneville.
5:49 of 3rd period - Stopped by Matt Murray with a rebound.
5:51 of 3rd period - Slapshot by Dylan DeMelo.
5:51 of 3rd period - Stopped by Matt Murray without a rebound.
5:52 of 3rd period - John Quenneville wins face-off versus Daniel O'regan in Little Stars zone.
5:55 of 3rd period - Snap shot by Nikita Gusev.
5:55 of 3rd period - Shot Misses the Net.
5:59 of 3rd period - Wrist shot by John Quenneville.
5:59 of 3rd period - Stopped by Matt Murray with a rebound.
6:01 of 3rd period - Snap shot by John Quenneville.
6:01 of 3rd period - Stopped by Matt Murray without a rebound.
6:02 of 3rd period - Zack Hamill wins face-off versus Evgeny Kuznetsov in Little Stars zone.
6:06 of 3rd period - Minor Penalty to Evgeny Kuznetsov for Holding.
6:07 of 3rd period - Sebastian Wannstrom wins face-off versus Robbie Earl in Little Stars zone.
7:37 of 3rd period - Tyler Bertuzzi is hit by Andrej Sustr and loses puck.
8:06 of 3rd period - Penalty to Evgeny Kuznetsov is over, Evgeny Kuznetsov is back on ice.
8:09 of 3rd period - Icing by Michael Joly.
8:10 of 3rd period - Evgeny Kuznetsov wins face-off versus Radek Faksa in Punishers zone.
8:11 of 3rd period - Wrist shot by Jesse Joensuu.
8:11 of 3rd period - Shot Blocked by Radek Faksa.
8:17 of 3rd period - Jesse Joensuu is hit by Madison Bowey and loses puck.
8:22 of 3rd period - Slapshot by Dylan DeMelo.
8:22 of 3rd period - Shot Misses the Net.
8:24 of 3rd period - Backhand shot by Radek Faksa.
8:24 of 3rd period - Shot Misses the Net.
8:26 of 3rd period - Wrist shot by Radek Faksa.
8:26 of 3rd period - Shot Misses the Net.
8:34 of 3rd period - Slapshot by Garret Ross.
8:34 of 3rd period - Shot Blocked by Anton Cederholm.
8:36 of 3rd period - Slapshot by Michael Joly.
8:36 of 3rd period - Stopped by Matt Murray without a rebound.
8:37 of 3rd period - Zack Hamill wins face-off versus Zach Budish in Little Stars zone.
8:44 of 3rd period - Snap shot by Miikka Salomaki.
8:44 of 3rd period - Shot Blocked by Tyler Wotherspoon.
9:45 of 3rd period - Snap shot by Scott Kosmachuck.
9:45 of 3rd period - Stopped by Louis Domingue without a rebound.
9:46 of 3rd period - Radek Faksa wins face-off versus Evgeny Kuznetsov in Punishers zone.
9:51 of 3rd period - Wrist shot by Dylan DeMelo.
9:51 of 3rd period - Shot Blocked by Patrick Wiercioch.
10:05 of 3rd period - Wrist shot by Radek Faksa.
10:05 of 3rd period - Shot Misses the Net.
10:07 of 3rd period - Slapshot by Dylan DeMelo.
10:07 of 3rd period - Shot Blocked by Scott Kosmachuck.
10:09 of 3rd period - Wrist shot by Radek Faksa.
10:09 of 3rd period - Stopped by Matt Murray with a rebound.
10:11 of 3rd period - Slapshot by Dylan DeMelo.
10:11 of 3rd period - Stopped by Matt Murray without a rebound.
10:12 of 3rd period - Zack Hamill wins face-off versus Daniel O'regan in Little Stars zone.
10:57 of 3rd period - Scott Kosmachuck is hit by Madison Bowey and loses puck.
11:06 of 3rd period - Snap shot by Nikita Gusev.
11:06 of 3rd period - Stopped by Matt Murray with a rebound.
11:08 of 3rd period - Wrist shot by Austen Brassard.
11:08 of 3rd period - Shot Hit the Post.
11:10 of 3rd period - Slapshot by Austen Brassard.
11:10 of 3rd period - Stopped by Matt Murray without a rebound.
11:11 of 3rd period - Zack Hamill wins face-off versus Dana Tyrell in Little Stars zone.
11:18 of 3rd period - Snap shot by Zack Hamill.
11:18 of 3rd period - Shot Blocked by Tyler Wotherspoon.
12:40 of 3rd period - Minor Penalty to Jason Dickinson for Hooking.
12:41 of 3rd period - Miikka Salomaki wins face-off versus Evgeny Kuznetsov in Little Stars zone.
12:47 of 3rd period - Snap shot by Miikka Salomaki.
12:47 of 3rd period - Shot Blocked by Tyler Wotherspoon.
13:17 of 3rd period - Snap shot by Jordan Schmaltz.
13:17 of 3rd period - Stopped by Matt Murray without a rebound.
13:18 of 3rd period - Evgeny Kuznetsov wins face-off versus Andreas Athanasiou in Little Stars zone.
13:31 of 3rd period - Snap shot by Tyler Bertuzzi.
13:31 of 3rd period - Stopped by Matt Murray with a rebound.
13:48 of 3rd period - Snap shot by Zack Hamill.
13:48 of 3rd period - Stopped by Matt Murray with a rebound.
14:40 of 3rd period - Penalty to Jason Dickinson is over, Jason Dickinson is back on ice.
14:49 of 3rd period - Icing by Jesse Joensuu.
14:50 of 3rd period - Jesse Joensuu wins face-off versus John Quenneville in Little Stars zone.
14:57 of 3rd period - Slapshot by Eric Knodel.
14:57 of 3rd period - Stopped by Louis Domingue with a rebound.
14:59 of 3rd period - Slapshot by Tucker Poolman.
14:59 of 3rd period - Shot Misses the Net.
15:01 of 3rd period - Snap shot by Michael Mersch.
15:01 of 3rd period - Stopped by Louis Domingue without a rebound.
15:02 of 3rd period - John Quenneville wins face-off versus Jesse Joensuu in Punishers zone.
15:08 of 3rd period - Off-side.
15:09 of 3rd period - Evgeny Kuznetsov wins face-off versus Nikita Gusev in neutral zone.
15:18 of 3rd period - Slapshot by Adam Pelech.
15:18 of 3rd period - Shot Blocked by Andrej Sustr.
15:20 of 3rd period - Wrist shot by Nikita Gusev.
15:20 of 3rd period - Shot Blocked by Andrej Sustr.
15:28 of 3rd period - Evgeny Kuznetsov is hit by Madison Bowey and loses puck.
15:35 of 3rd period - Snap shot by John Quenneville.
15:35 of 3rd period - Stopped by Matt Murray with a rebound.
15:47 of 3rd period - Snap shot by John Quenneville.
15:47 of 3rd period - Goal by John Quenneville - Punishers : 4 - Little Stars : 2.
15:48 of 3rd period - Zack Hamill wins face-off versus Daniel O'regan in neutral zone.
16:22 of 3rd period - Wrist shot by Jesse Joensuu.
16:22 of 3rd period - Shot Misses the Net.
16:52 of 3rd period - Wrist shot by Adam Tambellini.
16:52 of 3rd period - Stopped by Louis Domingue without a rebound.
16:53 of 3rd period - Garret Ross wins face-off versus Jason Dickinson in Punishers zone.
17:02 of 3rd period - Wrist shot by Justin Auger.
17:02 of 3rd period - Shot Misses the Net.
17:04 of 3rd period - Snap shot by Emile Poirier.
17:04 of 3rd period - Stopped by Louis Domingue with a rebound.
17:06 of 3rd period - Wrist shot by Jason Dickinson.
17:06 of 3rd period - Stopped by Louis Domingue without a rebound.
17:07 of 3rd period - Zack Hamill wins face-off versus Daniel O'regan in Punishers zone.
17:32 of 3rd period - Tyler Wotherspoon is hit by Robbie Earl and loses puck.
18:59 of 3rd period - Icing by Robbie Earl.
19:00 of 3rd period - Daniel O'regan wins face-off versus Andreas Athanasiou in Punishers zone.
19:13 of 3rd period - Slapshot by Tyler Wotherspoon.
19:13 of 3rd period - Shot Misses the Net.
19:19 of 3rd period - Slapshot by Tyler Wotherspoon.
19:19 of 3rd period - Stopped by Louis Domingue without a rebound.
19:20 of 3rd period - Daniel O'regan wins face-off versus John Quenneville in Punishers zone.
19:29 of 3rd period - Icing by Madison Bowey.
19:30 of 3rd period - Daniel O'regan wins face-off versus John Quenneville in Punishers zone.
19:37 of 3rd period - Snap shot by Nikita Gusev.
19:37 of 3rd period - Stopped by Matt Murray with a rebound.
Goals for this period are 2 for Punishers vs 2 for Little Stars.
Shots for this period are 16 for Punishers vs 10 for Little Stars.